 Dungeon Sprint DCSS version 0.28-a0-206-gc2c9e32840 (webtiles) character file.

Game seed: 7290971717628567824

67 MikeHunt the Skirmisher (level 4, 0/39 HPs)
             Began as a Djinni Necromancer on Aug 20, 2021.
             Slain by an adder skeleton (1 damage)
             ... in the Dungeon (Sprint IX: "|||||||||||||||||||||||||||||").
             The game lasted 00:01:17 (558 turns).

MikeHunt the Skirmisher (Djinni Necromancer)         Turns: 558, Time: 00:01:17

Health: 0/39       AC:  2    Str:  8    XL:     4   Next: 38%
Gold:   0          EV: 12    Int: 16    God:
                   SH:  0    Dex: 14

rFire   + + .      SeeInvis .   (no weapon)
rCold   x . .      Faith    .   (no shield)
rNeg    . . .      Spirit   .   a - +0 robe
rPois   ∞          Reflect  .   (no helmet)
rElec   .          Harm     .   (no cloak)
rCorr   .          Rampage  .   (no gloves)
Will    .....      NoTele   +   (boots unavailable)
Stlth   ++........              (no amulet)
HPRegen 0.13/turn               (no ring)
MPRegen 0.00/turn               (no ring)

@: flying
A: sickness immunity, fire resistance 2, cold vulnerability 1, float, innate
caster, hp casting, extra vitality 1
a: no special abilities


You were in the Dungeon.
You visited 1 branch

Inventory:

Armour
 a - a +0 robe (worn)
Potions
 d - a potion of haste


   Skills:
 + Level 5.3 Fighting
 - Level 2.1 Dodging
 - Level 1.5 Stealth
 + Level 5.3 Spellcasting


You couldn't memorise any spells.
You knew the following spells:

 Your Spells              Type           Power      Damage    Failure   Level
a - Agony                 Necr           21%        N/A       41%         5
b - Animate Skeleton      Necr           42%        N/A       1%          1
c - Vampiric Draining     Necr           10%        2d7       4%          3
d - Animate Dead          Necr           10%        N/A       16%         4
e - Pain                  Necr           84%        1d8       1%          1
f - Freeze                Ice            84%        1d10      1%          1
Your spell library was empty.

Dungeon Overview and Level Annotations

Branches:
Dungeon (1/1)

Altars:


Innate Abilities, Weirdness & Mutations

You are immune to sickness and miasma.
You are immune to poison.
Your flesh is very heat resistant. (rF++)
You are vulnerable to cold. (rC-)
You float through the air rather than walking.
You learn spells naturally, not from books.
Your magical power is your life essence.
You have superior vitality. (+4 HP)


Message History

Casting: Freeze (safe; 1% risk of failure)
Confirm with . or Enter, or press ? or * to list all spells.
Aiming: Freeze (safe; 1% risk of failure)
Press: ? - help, Shift-Dir - straight line, f/p - adder skeleton
Aim: an adder skeleton (severely damaged)
You freeze the adder skeleton but do no damage.
The adder skeleton completely resists.
* * * LOW HITPOINT WARNING * * *
The adder skeleton closely misses you.
Casting: Freeze (safe; 1% risk of failure)
Confirm with . or Enter, or press ? or * to list all spells.
Aiming: Freeze (safe; 1% risk of failure)
Press: ? - help, Shift-Dir - straight line, f/p - adder skeleton
Aim: an adder skeleton (severely damaged)
You freeze the adder skeleton but do no damage.
The adder skeleton completely resists.
* * * LOW HITPOINT WARNING * * *
The adder skeleton bites you.
* * * LOW HITPOINT WARNING * * *
Casting: Freeze (safe; 1% risk of failure)
Confirm with . or Enter, or press ? or * to list all spells.
Aiming: Freeze (safe; 1% risk of failure)
Press: ? - help, Shift-Dir - straight line, f/p - adder skeleton
Aim: an adder skeleton (severely damaged)
You freeze the adder skeleton.
The adder skeleton resists.
The adder skeleton is severely damaged.
* * * LOW HITPOINT WARNING * * *
The adder skeleton misses you.
Casting: Freeze (safe; 1% risk of failure)
Confirm with . or Enter, or press ? or * to list all spells.
Aiming: Freeze (safe; 1% risk of failure)
Press: ? - help, Shift-Dir - straight line, f/p - adder skeleton
Aim: an adder skeleton (severely damaged)
You freeze the adder skeleton.
The adder skeleton resists.
The adder skeleton is almost destroyed.
* * * LOW HITPOINT WARNING * * *
The adder skeleton bites you.
* * * LOW HITPOINT WARNING * * *
The adder skeleton bites you.
You die... ▓▓▓▓▓▓▓▓▓▓▓▓▓▓▓▓▓▓ ▓<...'.@Z..'÷....+ ▓▓▓▓▓▓▓▓▓▓▓▓▓▓▓▓▓▓

You could see an adder skeleton.

Vanquished Creatures
  A hound (D)
  An iguana (D)
  A white imp (D)
  A kobold (D)
  A quokka (D)
  A bat (D)
  A frilled lizard (D)
  2 rats (D)
9 creatures vanquished.

Notes
Turn   | Place    | Note
-------+----------+-------------------------------------------
     0 | D        | MikeHunt the Djinni Necromancer began the quest for the
                  | Orb.
     0 | D        | Reached XP level 1. HP: 15/15 MP: 0/0
     6 | D        | Reached skill level 1 in Fighting
   231 | D        | Noticed an iguana
   231 | D        | Noticed a hound
   241 | D        | Reached XP level 2. HP: 19/24 MP: 0/0
   250 | D        | Reached XP level 3. HP: 24/31 MP: 0/0
   250 | D        | Learned a level 1 spell: Freeze
   259 | D        | Reached skill level 5 in Fighting
   259 | D        | Reached skill level 5 in Spellcasting
   259 | D        | Reached XP level 4. HP: 1/39 MP: 0/0
   558 | D        | HP: 1/39 [adder skeleton (3)]
   558 | D        | Slain by an adder skeleton

Illustrated notes

Levels and vault maps discovered:
D:        linesprint [early_d, line_temple, items_1, d_10, items_2, lair_1,
          lair_end, items_3, orc_1, orc_end, items_4, d_15, swamp_1, shoals_1,
          snake_1, spider_1, d_20, vaults_1, items_5, swamp_end, shoals_end,
          snake_end, spider_end, vaults_end, d_27, items_6, zot_1, zot_end,
          crypt_end, forest_end, elf_end, slime_end, tomb_end, abyss_end,
          pan_hell_end]

Skill      XL: |  1  2  3 |
---------------+----------+-----
Fighting       | 2 4 5 |  5.3
Spellcasting   | 4 5 |  5.3
Dodging        | |  2.1
Stealth        | |  1.5

Action                   |  1- 3 |  4- 6 || total
-------------------------+-------+-------++-------
Melee: Unarmed           |    20 |       ||    20
 Cast: Pain              |     9 |       ||     9
       Animate Skeleton  |     1 |       ||     1
       Freeze            |       |    18 ||    18
  Use: Potion            |     3 |       ||     3
       Scroll            |       |     1 ||     1
Armor: Robe              |     5 |     1 ||     6
Dodge: Dodged            |    12 |     8 ||    20

Table legend: (Time is in decaauts)
 A = Elapsed time spent in this place.
 B = Non-inter-level travel time spent in this place.
 C = Inter-level travel time spent in this place.
 D = Time resting spent in this place.
 E = Time spent auto-exploring this place.
 F = Levels seen in this place.
 G = Mean time per level.
                   A        B        C        D        E       F      G
               +--------+--------+--------+--------+--------+-----+--------+
         Total |    565 |    565 |      0 |    497 |      0 |   1 |  565.0 |
       Dungeon |    565 |    565 |      0 |    497 |      0 |   1 |  565.0 |
               +--------+--------+--------+--------+--------+-----+--------+

Top non-repeatable levels by time:
       D: 565 daAuts
